Cogmind - Beta 17.1 @@@ ROGUE MODE // 2026.09.18 @ 23:49:11 Player: TheSkyeDoctor Result: Destroyed by Golem with Assembled Focal Cannon Performance ------------- Evolutions (3) 1500 Regions Visited (10) 2000 Robots Destroyed (39) 195 Value Destroyed (906) 906 Prototype IDs (11) 220 Alien Tech Used (0) 0 Bonus (2618) 2618 TOTAL SCORE: 7439 Bonus ------- Follower Combat Kills 318 Aligned with FarCom 300 Destroyed Z-Imprinter 1000 Triggered Deep Caves Wall 500 Exposed GOLEM Chamber 500 Cogmind --------- Core Integrity 0/700 Matter 290/300 Energy 78/100 System Corruption 0% Temperature Cool (12) Movement Core (100) Ox1 Location -7/Deep Caves Parts ------- > --- POWER (1) -------- (None) > --- PROPULSION (5) --- Assembled Alloy Leg > --- UTILITY (5) ------ Improved Melee Analysis Suite GOLEM Unit > --- WEAPON (2) ------- Power Maul > --- INVENTORY (5) ---- Improved Particle Charger Hardlight Generator Heavy Plasma Cannon Bore Cannon Rocket Launcher Peak State ------------ > --- POWER ------------ Micro Nuclear Core > --- PROPULSION ------- Cesium-ion Thruster Flying Fortress v7 > --- UTILITY ---------- High-capacity Storage Unit Advanced Terrain Scan Processor Improved Melee Analysis Suite Experimental Reaction Control System Zionite Light Carapace > --- WEAPON ----------- Zionite Laser-M Gauss Rifle > --- INVENTORY -------- Ion Engine Wheel Flight Unit Cesium-ion Thruster Improved Heat Sink Zionite Biocell High-capacity Matter Pod Improved Signal Interpreter Improved Particle Charger Improved Medium Armor Plating Hardlight Generator Improved Shield Generator Hacking Suite System Shield System Restoration Module Heavy Plasma Cannon Bore Cannon Rocket Launcher Improved Datajack Power Maul [Rating: 82] Favorites ----------- Power Ion Engine Engine Ion Engine Power Core Micro Nuclear Core Reactor Zionite Light DM Reactor Propulsion Light Treads Treads Light Treads Leg Assembled Alloy Leg Wheel Wheel Flight Unit Flying Fortress v7 Utility Targeting Computer Device Improved Terrain Scanner Storage High-capacity Storage Unit Processor Targeting Computer Protection Light Armor Plating Weapon Assault Rifle Energy Gun EM Pulse Gun Ballistic Gun Assault Rifle Ballistic Cannon Light Cannon Launcher Rocket Launcher Impact Weapon Power Maul Special Melee Weapon Improved Datajack Build | -11 -10 -10 -10 -9 -8 -7 -7 -7 -7 -7 ------- Run | Yrd Mat Min Exi Min Mat Fac Low Low Zio Dee Slots Evolved 6 | . . . . . 4 2 . . . . Power . | . . . . . . . . . . . Propulsion 3 | . . . . . 2 1 . . . . Utility 3 | . . . . . 2 1 . . . . Weapon . | . . . . . . . . . . . Parts Attached 42 | 7 4 1 . 3 5 4 1 . 1 16 Power 3 | 1 . . . . . 1 . . . 1 Engine 1 | 1 . . . . . . . . . . Core 1 | . . . . . . 1 . . . . Reactor 1 | . . . . . . . . . . 1 Propulsion 8 | 2 1 . . 1 1 1 . . . 2 Treads 4 | 2 1 . . 1 . . . . . . Leg . | . . . . . . . . . . . Wheel 1 | . . . . . . . . . . 1 Hover . | . . . . . . . . . . . Flight 3 | . . . . . 1 1 . . . 1 Utility 18 | 2 2 . . 1 3 1 1 . 1 7 Device 7 | 1 . . . . 1 . . . 1 4 Storage 4 | 1 1 . . 1 . . . . . 1 Processor 3 | . 1 . . . 2 . . . . . Hackware . | . . . . . . . . . . . Protection 4 | . . . . . . 1 1 . . 2 Artifact . | . . . . . . . . . . . Weapon 13 | 2 1 1 . 1 1 1 . . . 6 Energy Gun 3 | 1 . . . . . . . . . 2 Energy Cannon . | . . . . . . . . . . . Ballistic Gun 4 | 1 . 1 . . . . . . . 2 Ballistic Cannon 2 | . 1 . . . . . . . . 1 Launcher 1 | . . . . . . . . . . 1 Special Weapon . | . . . . . . . . . . . Impact Weapon 2 | . . . . 1 1 . . . . . Slashing Weapon . | . . . . . . . . . . . Piercing Weapon . | . . . . . . . . . . . Special Melee Weapon 1 | . . . . . . 1 . . . . Unidentified Prototypes 9 | . . . . . 1 . . . . 8 Parts Lost 11 | . 1 2 . . . . 1 . . 7 Power 1 | . . . . . . . . . . 1 Propulsion 3 | . . . . . . . . . . 3 Utility 5 | . 1 . . . . . 1 . . 3 Weapon 2 | . . 2 . . . . . . . . Highest Loss Streak 7 | . 1 1 . . . . 1 . . 7 To Critical Strikes . | . . . . . . . . . . . Average Backups 10 | 1 4 5 5 8 12 17 19 20 18 18 Power . | . 1 1 1 1 1 1 1 1 1 . Propulsion . | . . . . 1 1 2 2 2 2 2 Utility 5 | . 1 3 4 5 5 8 11 11 10 10 Weapon 2 | . 1 . . 1 4 5 4 5 4 3 Tool/Special . | . . . . . . . . . . . Unused Backups 18 | . . . 1 . . . 1 . 1 15 Power 1 | . . . . . . . . . . 1 Propulsion 2 | . . . . . . . . . . 2 Utility 13 | . . . 1 . . . . . 1 11 Weapon 2 | . . . . . . . 1 . . 1 Tool/Special . | . . . . . . . . . . . Average Slot Usage (%) 86 | . 92 99 100 99 62 75 68 61 65 69 Engine 9 | . 14 14 14 14 9 3 . . . . Core 2 | . . . . . . 3 7 7 7 6 Treads 17 | . 28 28 28 28 . . . . . . Flight 5 | . . . . . 8 15 15 15 15 14 Device 5 | . 6 . . . 8 7 7 7 11 14 Storage 11 | . 14 14 14 14 9 7 7 7 7 7 Processor 11 | . . 14 14 14 17 15 15 15 15 15 Protection 1 | . . . . . . 6 7 7 2 . Energy Gun 3 | . 13 2 . . . . . . . . Ballistic Gun 10 | . 14 22 14 13 . . . . . 6 Ballistic Cannon 4 | . . 2 14 14 . . . . . . Impact Weapon 1 | . . . . . 8 7 6 . 4 1 Peak Build Rating 82 | 7 7 7 11 14 53 62 63 59 63 82 Average Rating 28 | 5 6 6 8 11 49 60 60 59 61 72 On Entrance 31 | . 7 7 7 11 14 53 62 59 59 63 Avg Prop Armor Cover (%) . | . . . . . . . . . . . Naked Turns . | . . . . . . . . . . . Heaviest Build 64 | 15 19 20 20 50 49 54 54 54 54 64 Greatest Support 55 | 40 40 40 40 40 50 54 54 54 54 55 Greatest Overweight (x) 1 | . . . . 1 . . . . . 1 Average Overweight (x) . | . . . . . . . . . . . Largest Inventory Capacity 20 | 8 10 10 10 20 20 20 20 20 20 20 Average Capacity 13 | 7 8 10 10 13 20 20 20 20 20 19 Most Carried 20 | 3 7 6 10 20 20 20 20 20 20 20 Average Carried 11 | 1 4 5 6 12 15 18 19 20 18 19 Final Capacity 20 | 8 10 10 10 20 20 20 20 20 20 5 Final Carried 20 | 3 6 5 10 20 20 20 20 20 18 5 Class Distribution -------------------- 87% | Mutant 10% | Scout Dominant Class ---------------- Mutant | -10/Materials Mutant | -10/Mines Mutant | -10/Exiles Mutant | -9/Mines Scout | -8/Materials Scout | -7/Factory Mutant | -7/Lower Caves Mutant | -7/Lower Caves Mutant | -7/Zion Mutant | -7/Deep Caves Resources | -11 -10 -10 -10 -9 -8 -7 -7 -7 -7 -7 ----------- Run | Yrd Mat Min Exi Min Mat Fac Low Low Zio Dee Matter Collected 1276 | 294 320 143 . 102 50 30 10 10 20 297 Remotely . | . . . . . . . . . . . Salvage Created 1372 | 98 782 173 . 72 149 59 . . . 39 Parts 81 | 8 46 7 . 6 8 5 . . . 1 Haulers Intercepted 2 | . 2 . . . . . . . . . Recyclers Shooed 4 | 1 3 . . . . . . . . . Parts Field Recycled . | . . . . . . . . . . . Retrieved Matter . | . . . . . . . . . . . Parts Self-Destructed 3 | . . . . . . . 3 . . . Prevented . | . . . . . . . . . . . Parts Restored . | . . . . . . . . . . . Kills | -11 -10 -10 -10 -9 -8 -7 -7 -7 -7 -7 ------- Run | Yrd Mat Min Exi Min Mat Fac Low Low Zio Dee Combat Hostiles Destroyed 28 | . 14 4 . 3 4 1 . . . 2 Melee 2 | . . . . . 1 1 . . . . Guns 20 | . 12 4 . 3 . . . . . 1 AOE 3 | . 2 . . . . . . . . 1 Classes Destroyed 10 | 2 5 . . . 1 . . . . 2 Tunneler 3 | 2 1 . . . . . . . . . Hauler 2 | . 2 . . . . . . . . . Recycler 3 | 1 2 . . . . . . . . . Operator 1 | . 1 . . . . . . . . . Watcher 3 | . 2 . . . 1 . . . . . Swarmer 10 | . 6 . . 2 2 . . . . . Grunt 14 | . 8 4 . 1 1 . . . . . Sentry 2 | . . . . . 1 1 . . . . Z-Light 1 | . . . . . . . . . . 1 Assembled 1 | . . . . . . . . . . 1 Best Kill Streak 6 | 3 6 2 . 2 3 1 . . . 1 Combat Bots Only 5 | . 5 2 . 2 3 1 . . . 1 Max Kills in Single Turn 2 | 1 2 1 . 1 1 1 . . . 1 Gunslinging 1 | . 1 . . . . . . . . . Exploded 1 | . 1 . . . . . . . . 1 Melee 1 | . . . . . 1 1 . . . . Uniques/NPCs Destroyed 1 | . . . . . . . . . . 1 Z-Imprinter (-7/Deep Caves) Combat | -11 -10 -10 -10 -9 -8 -7 -7 -7 -7 -7 -------- Run | Yrd Mat Min Exi Min Mat Fac Low Low Zio Dee Hostile Shots Fired 300 | . 53 27 . 1 34 36 49 38 . 62 Missed 145 | . 20 11 . 1 15 22 28 21 . 27 Hits 155 | . 33 16 . . 19 14 21 17 . 35 Projectile 155 | . 33 16 . . 19 14 21 17 . 35 Critical Strikes 2 | . . 1 . . . . . . . 1 Damage Taken 2810 | . 473 203 . . 216 116 294 194 . 1314 Core 925 | . 142 22 . . 54 5 46 25 . 631 Absorbed by Shields 36 | . . . . . . . . . . 36 Core Remaining (%) 74 | 100 . . . 34 90 . . . . . Volleys Fired 107 | 8 50 19 . 7 . . . . . 23 Largest 2 | 2 2 2 . 2 . . . . . 2 Hottest 61 | 60 60 60 . 50 . . . . . 61 Shots Fired 193 | 16 100 34 . 14 . . . . . 29 Gun 179 | 16 98 32 . 7 . . . . . 26 Cannon 11 | . 2 2 . 7 . . . . . . Launcher 3 | . . . . . . . . . . 3 Special . | . . . . . . . . . . . Kinetic 130 | 8 52 30 . 14 . . . . . 26 Thermal . | . . . . . . . . . . . Explosive 3 | . . . . . . . . . . 3 Electromagnetic 60 | 8 48 4 . . . . . . . . Robot Hit Streak 9 | 4 8 9 . 5 . . . . . 3 Robot Miss Streak 3 | 2 3 2 . 2 . . . . . 3 Penetration Max . | . . . . . . . . . . . Secondary Targets 5 | . 5 . . . . . . . . . Max Gunslinging Chain 1 | . 1 . . . . . . . . . Shots Hit Robots 119 | 8 54 23 . 7 7 1 . . . 19 Core Hits 62 | 4 33 9 . 4 2 1 . . . 9 Critical Kills 1 | . . . . . . 1 . . . . Critical Parts Destroyed 1 | . . . . . 1 . . . . . Critical Strikes 3 | . 1 . . . 1 1 . . . . Corrupt 1 | . 1 . . . . . . . . . Smash 2 | . . . . . 1 1 . . . . Melee Attacks 26 | . . . . . 13 7 . . 3 3 Impact 26 | . . . . . 13 7 . . 3 3 Slashing . | . . . . . . . . . . . Piercing . | . . . . . . . . . . . Sneak Attacks 1 | . . . . . 1 . . . . . Combat Hostiles . | . . . . . . . . . . . Follow-up Attacks . | . . . . . . . . . . . Damage Inflicted 2575 | 108 989 289 . 93 408 30 . . . 658 Guns 1500 | 108 775 289 . 44 . . . . . 284 Cannons 49 | . . . . 49 . . . . . . Explosions 480 | . 214 . . . . . . . . 266 Melee 546 | . . . . . 408 30 . . . 108 Ramming . | . . . . . . . . . . . Kinetic 1100 | 68 404 251 . 93 . . . . . 284 Thermal 214 | . 214 . . . . . . . . . Explosive 266 | . . . . . . . . . . 266 Electromagnetic 449 | 40 371 38 . . . . . . . . Impact 546 | . . . . . 408 30 . . . 108 Slashing . | . . . . . . . . . . . Piercing . | . . . . . . . . . . . Highest Corruption 1 | . 1 1 1 1 . . . . . . Average Corruption 1 | . 1 1 1 1 . . . . . . Corruption Purged . | . . . . . . . . . . . Corruption Blocked . | . . . . . . . . . . . Effects 19 | . 5 3 5 6 . . . . . . Message Errors 3 | . 1 . 1 1 . . . . . . Matter Fused 3 | . 1 . . 2 . . . . . . Heat Flow Errors 4 | . 1 2 . 1 . . . . . . Energy Discharges 6 | . 1 . 4 1 . . . . . . Data Loss (minor) 2 | . 1 . . 1 . . . . . . Data Loss (major) 1 | . . 1 . . . . . . . . Overload Shots . | . . . . . . . . . . . Overflow Damage 91 | . 21 . . . 70 . . . . . Projectiles . | . . . . . . . . . . . Explosions 21 | . 21 . . . . . . . . . Melee 70 | . . . . . 70 . . . . . Knockbacks 4 | . . . . 2 1 . . . . 1 Impact 2 | . . . . . 1 . . . . 1 Kinetic 1 | . . . . 1 . . . . . . Secondary 1 | . . . . 1 . . . . . . Self-Inflicted Damage 79 | . 79 . . . . . . . . . Shots 2 | . 2 . . . . . . . . . Rammed . | . . . . . . . . . . . Targets Rammed . | . . . . . . . . . . . Kicked . | . . . . . . . . . . . Crushed . | . . . . . . . . . . . Highest Temperature 211 | . 130 179 . 211 . 8 . 1 . 58 Average Temperature 48 | . 50 44 . 114 . 5 . 1 . 29 Received Heat Transfer 726 | . 174 138 . . 45 42 18 66 . 243 Siege Activations . | . . . . . . . . . . . Martial Activations . | . . . . . . . . . . . Shielding Activations . | . . . . . . . . . . . Robots Disrupted . | . . . . . . . . . . . Combat Hostiles . | . . . . . . . . . . . Robots Corrupted 4 | . 1 . . . 3 . . . . . Combat Hostiles 3 | . . . . . 3 . . . . . Parts Fried 4 | . 3 . . . 1 . . . . . Impact Corruptions 4 | . . . . . 4 . . . . . Robots Melted . | . . . . . . . . . . . Combat Hostiles . | . . . . . . . . . . . Parts Melted . | . . . . . . . . . . . Heat Transferred 200 | . 200 . . . . . . . . . Parts Sabotaged . | . . . . . . . . . . . Parts Stolen . | . . . . . . . . . . . Parts Stripped . | . . . . . . . . . . . Power Chain Reactions 4 | . 4 . . . . . . . . . Alert | -11 -10 -10 -10 -9 -8 -7 -7 -7 -7 -7 ------- Run | Yrd Mat Min Exi Min Mat Fac Low Low Zio Dee Maximum Alert Level . | . . . . . . . . . . . Low Security (%) 100 | 100 100 100 . 100 100 100 . . . . Level 1 . | . . . . . . . . . . . Level 2 . | . . . . . . . . . . . Level 3 . | . . . . . . . . . . . Level 4 . | . . . . . . . . . . . Level 5 . | . . . . . . . . . . . High Security . | . . . . . . . . . . . Max Security . | . . . . . . . . . . . Peak Influence 197 | 10 197 63 . 77 60 44 . . . . Initial 63 | . . 63 . . . 9 . . . . Average 36 | 1 89 11 . 11 19 6 . . . . Influence Increases 1230 | 15 458 108 . 170 101 63 180 135 . . Destroy 0b10 Robot/C 580 | . 280 80 . 120 80 20 . . . . Destroy 0b10 Robot/NC 60 | 15 40 . . . 5 . . . . . Destroy Leader 150 | . 78 20 . 30 12 10 . . . . Allied During Kill 30 | . . 8 . 20 2 . . . . . Successful Hack 41 | . 14 . . . . 27 . . . . Destroy Structure 24 | . 16 . . . 2 6 . . . . Lose Combat Pursuer 345 | . 30 . . . . . 180 135 . . Influence Decreases 1230 | 15 296 270 . 170 79 85 75 81 159 . Entered New Map 292 | . . 99 . . . 13 . 21 159 . Time Decay 858 | 15 286 151 . 150 59 72 65 60 . . Lost Part 40 | . 10 20 . . . . 10 . . . Lost Ally 40 | . . . . 20 20 . . . . . Squads Dispatched 11 | . 4 . . 2 1 3 . 1 . . Investigation 4 | . 3 . . 1 . . . . . . Extermination 1 | . . . . . . 1 . . . . Reinforcement 5 | . 1 . . 1 1 2 . . . . Assault 1 | . . . . . . . . 1 . . Garrison . | . . . . . . . . . . . Intercept . | . . . . . . . . . . . Searches Triggered . | . . . . . . . . . . . Construction Impeded 1 | . . . . 1 . . . . . . Haulers Reinforced . | . . . . . . . . . . . Active Scanning Responses . | . . . . . . . . . . . Cargo Convoy Interrupts . | . . . . . . . . . . . Stealth | -11 -10 -10 -10 -9 -8 -7 -7 -7 -7 -7 --------- Run | Yrd Mat Min Exi Min Mat Fac Low Low Zio Dee Distress Signals 4 | . 1 . . . 3 . . . . . Communications Jammed . | . . . . . . . . . . . Distress Signals . | . . . . . . . . . . . Times Spotted 94 | . 28 4 . 4 14 3 17 9 . 15 Peak Tracking Total 9 | . 5 2 . 2 6 1 9 5 . 4 Tactical Retreats 11 | . 2 . . . . . 5 4 . . Traps | -11 -10 -10 -10 -9 -8 -7 -7 -7 -7 -7 ------- Run | Yrd Mat Min Exi Min Mat Fac Low Low Zio Dee Traps Triggered 3 | . 3 . . . . . . . . . Indirectly . | . . . . . . . . . . . Trap Hack Attempts . | . . . . . . . . . . . Triggered . | . . . . . . . . . . . Disarmed . | . . . . . . . . . . . Reprogrammed . | . . . . . . . . . . . Reused . | . . . . . . . . . . . Traps Extracted . | . . . . . . . . . . . Installed 1 | . . . . . 1 . . . . . Triggered . | . . . . . . . . . . . Most Traps Carried 5 | . . . . 5 4 2 2 . . . Machines | -11 -10 -10 -10 -9 -8 -7 -7 -7 -7 -7 ---------- Run | Yrd Mat Min Exi Min Mat Fac Low Low Zio Dee Machines Disabled 2 | . . . . . . . . . . 2 Max in Single Turn . | . . . . . . . . . . . Garrison Access 1 | . . . . . 1 . . . . . Machines Repaired . | . . . . . . . . . . . Machines Dismantled . | . . . . . . . . . . . Machines Sabotaged . | . . . . . . . . . . . Overloaded Fab Kills . | . . . . . . . . . . . Hacking | -11 -10 -10 -10 -9 -8 -7 -7 -7 -7 -7 --------- Run | Yrd Mat Min Exi Min Mat Fac Low Low Zio Dee Machines Accessed 15 | . 7 1 1 1 2 2 1 . . . Terminals 11 | . 7 1 . . 1 2 . . . . Fabricators . | . . . . . . . . . . . Repair Stations . | . . . . . . . . . . . Recycling Units . | . . . . . . . . . . . Scanalyzers . | . . . . . . . . . . . Garrison Access 1 | . . . . . 1 . . . . . Total Hacks 36 | . 16 1 7 1 6 4 1 . . . Successful 22 | . 7 1 7 1 2 3 1 . . . Failed 14 | . 9 . . . 4 1 . . . . Catastrophic . | . . . . . . . . . . . Database Lockouts . | . . . . . . . . . . . Manual 30 | . 16 . 1 . 4 4 . . 5 . Terminals 25 | . 16 1 . . 4 4 . . . . Fabricators . | . . . . . . . . . . . Repair Stations . | . . . . . . . . . . . Recycling Units . | . . . . . . . . . . . Scanalyzers . | . . . . . . . . . . . Garrison Access 2 | . . . . . 2 . . . . . Terminal Hacks 11 | . . 1 7 1 . 1 1 . . . Record 8 | . . 1 7 . . . . . . . Open Door 2 | . . . . 1 . . 1 . . . Branch Access Points 1 | . . . . . . 1 . . . . Fabricator Hacks . | . . . . . . . . . . . Repair Station Hacks . | . . . . . . . . . . . Recycling Unit Hacks . | . . . . . . . . . . . Scanalyzer . | . . . . . . . . . . . Garrison Access Hacks 1 | . . . . . 1 . . . . . Seal Access 1 | . . . . . 1 . . . . . Unauthorized Hacks 10 | . 7 . . . 1 2 . . . . Terminals 10 | . 7 . . . 1 2 . . . . Botnet 9 | . 6 . . . 1 2 . . . . Search 1 | . 1 . . . . . . . . . Fabricators . | . . . . . . . . . . . Repair Stations . | . . . . . . . . . . . Recycling Units . | . . . . . . . . . . . Scanalyzers . | . . . . . . . . . . . Garrison Access . | . . . . . . . . . . . Data Cores Recovered . | . . . . . . . . . . . Used . | . . . . . . . . . . . Hacking Detections 9 | . 6 . . . 1 2 . . . . Full Trace Events . | . . . . . . . . . . . Feedback Events . | . . . . . . . . . . . Feedback Blocked . | . . . . . . . . . . . Robot Schematics Acquired 3 | . . . . . . . . . 3 . Robots Built . | . . . . . . . . . . . Authchips . | . . . . . . . . . . . Time . | . . . . . . . . . . . Total Robot Build Rating . | . . . . . . . . . . . Part Schematics Acquired 15 | . . . . . . . . . 15 . Parts Built . | . . . . . . . . . . . Authchips . | . . . . . . . . . . . Time . | . . . . . . . . . . . Total Part Build Rating . | . . . . . . . . . . . Part Studies Acquired . | . . . . . . . . . . . Parts Repaired . | . . . . . . . . . . . Time . | . . . . . . . . . . . Parts Recycled . | . . . . . . . . . . . Recycled Matter . | . . . . . . . . . . . Retrieved Matter . | . . . . . . . . . . . Retrieved Components . | . . . . . . . . . . . Parts Scanalyzed . | . . . . . . . . . . . Part Schematics Acquired . | . . . . . . . . . . . Parts Damaged . | . . . . . . . . . . . Bothacking | -11 -10 -10 -10 -9 -8 -7 -7 -7 -7 -7 ------------ Run | Yrd Mat Min Exi Min Mat Fac Low Low Zio Dee Used RIF Installer . | . . . . . . . . . . . Robots Hacked . | . . . . . . . . . . . Non-combat . | . . . . . . . . . . . Combat . | . . . . . . . . . . . Robot Hacks Applied . | . . . . . . . . . . . Relay Couplers Released 3 | . . . . . 3 . . . . . Machine Destruction 3 | . . . . . 3 . . . . . Fabnet Peak Effective % . | . . . . . . . . . . . Robots Rewired . | . . . . . . . . . . . Allies Hacked . | . . . . . . . . . . . Hacks Repelled . | . . . . . . . . . . . Allies | -11 -10 -10 -10 -9 -8 -7 -7 -7 -7 -7 -------- Run | Yrd Mat Min Exi Min Mat Fac Low Low Zio Dee Total Allies 9 | . . 3 . . . . . . 6 . Largest Group 6 | . . 3 3 3 2 . . . 6 6 Highest-Rated Group 327 | . . 40 40 40 24 . . . 327 327 Highest-Rated Ally 96 | . . 16 16 16 16 . . . 96 96 Total Orders . | . . . . . . . . . . . Ally Attacks 143 | . . 1 . 14 18 . . . . 110 Total Damage 2088 | . . 13 . 137 139 . . . . 1799 Kills 20 | . . . . 3 . . . . . 17 Allies Corrupted . | . . . . . . . . . . . Allies Melted . | . . . . . . . . . . . Intel | -11 -10 -10 -10 -9 -8 -7 -7 -7 -7 -7 ------- Run | Yrd Mat Min Exi Min Mat Fac Low Low Zio Dee Active Infowar (turns) 2211 | 54 509 . . . 203 390 267 138 461 189 Terrain 1648 | . . . . . 203 390 267 138 461 189 Seismic 563 | 54 509 . . . . . . . . . Robot Analysis Total . | . . . . . . . . . . . Derelict Logs Recovered 4 | . . 1 . 2 . . 1 . . . Drone Launches . | . . . . . . . . . . . Drone Recoveries . | . . . . . . . . . . . Exploration | -11 -10 -10 -10 -9 -8 -7 -7 -7 -7 -7 ------------- Run | Yrd Mat Min Exi Min Mat Fac Low Low Zio Dee Turns Passed 5526 | 137 1153 788 521 893 206 390 267 138 461 572 Spaces Moved 5357 | 65 614 456 324 456 268 444 550 353 948 879 Core 10 | 3 . . . . . . . . . 7 Treads 1912 | 62 614 456 324 456 . . . . . . Legs . | . . . . . . . . . . . Wheels . | . . . . . . . . . . . Hover . | . . . . . . . . . . . Flight 3435 | . . . . . 268 444 550 353 948 872 Fastest Speed 39 | 50 160 160 160 160 50 39 39 39 39 39 Average Speed 85 | 154 160 160 160 181 50 39 39 39 39 47 Slowest Speed 240 | 160 160 160 160 240 50 39 39 39 39 129 Overloaded Moves . | . . . . . . . . . . . Propulsion Burnouts . | . . . . . . . . . . . Robots Hopped . | . . . . . . . . . . . Potential Cave-ins . | . . . . . . . . . . . Cave-ins Triggered . | . . . . . . . . . . . Exploration Rate (%) 61 | 4 98 82 67 79 30 14 76 59 82 80 Regions Visited 10 Branch Regions 7 Pre-discovered Areas 3 | . . 1 1 . . . . . 1 . Known Exits Taken 1 | . . . . . . 1 . . . . Unknown Exits Taken 9 | 1 1 1 1 1 1 . 1 1 1 . Scrap Searched 12 | . . 1 . 4 . . 2 2 3 . Spaces Dug 8 | . . . . . 2 6 . . . . Terrain Destroyed 44 | . 14 . . . 2 6 . . . 22 Melee 8 | . . . . . 2 6 . . . . Projectile 1 | . . . . . . . . . . 1 AOE 35 | . 14 . . . . . . . . 21 Terrain Rammed . | . . . . . . . . . . . Walls Destroyed . | . . . . . . . . . . . Machines Disabled . | . . . . . . . . . . . Actions | -11 -10 -10 -10 -9 -8 -7 -7 -7 -7 -7 --------- Run | Yrd Mat Min Exi Min Mat Fac Low Low Zio Dee Total 6036 | 82 683 481 327 509 317 645 604 352 1032 1004 Wait 418 | . 9 4 . 26 14 188 45 . 79 53 Move 5347 | 64 613 455 323 455 267 443 549 352 947 879 Hop . | . . . . . . . . . . . Pick Up 43 | 3 4 1 3 12 9 2 3 . . 6 Fast Attach 22 | 7 1 . . 2 . 1 . . . 11 Attach 16 | . . 2 . . 5 2 1 . 1 5 Detach 10 | . . . . . 3 . 2 . . 5 Swap 11 | . 4 . . 2 . 1 . . 1 3 Drop 35 | . 2 . 1 5 5 1 4 . 1 16 Fire 107 | 8 50 19 . 7 . . . . . 23 Melee 26 | . . . . . 13 7 . . 3 3 Ram . | . . . . . . . . . . . Kick . | . . . . . . . . . . . Crush . | . . . . . . . . . . . Escape Stasis . | . . . . . . . . . . . Rewire . | . . . . . . . . . . . Trap 1 | . . . . . 1 . . . . . Miscellaneous . | . . . . . . . . . . . Route ------- -11/Scrapyard -10/Materials (discovered 5 exits: [*Mat x3] / *Min / [*Sub]) -10/Mines (discovered 3 exits: [*Mat] / *Exi / [*Sub]) -10/Exiles (discovered 2 exits: *Min x2) -9/Mines -8/Materials -7/Factory (discovered 2 exits: *Low x2) -7/Lower Caves -7/Lower Caves (discovered 2 exits: [*Fac] / *Zio) -7/Zion (discovered 2 exits: [*Dee] / [*Pro]) -7/Deep Caves (discovered 1 exit: [*Pro]) History --------- Turn | Location | Event 33 | -11/Scrapyard | Discovered new exit (range 16) 138 | -11/Scrapyard | Entered Materials 310 | -10/Materials | Build established: Mutant 367 | -10/Materials | Discovered new exit (range 10) 513 | -10/Materials | Discovered new exit (range 11) 701 | -10/Materials | Core integrity fell below 50% 715 | -10/Materials | Discovered new exit (range 6) 888 | -10/Materials | Discovered new exit (range 3) 1035 | -10/Materials | Discovered new exit (range 5) 1291 | -10/Materials | Entered Mines 1312 | -10/Mines | Assembled infested the area 1395 | -10/Mines | Learned location of Mines (-9) 1588 | -10/Mines | Assisted by bots powering up and referring to "LRC-V3" 1796 | -10/Mines | Discovered new exit (range 15) 1996 | -10/Mines | Discovered new exit (range 10) 2071 | -10/Mines | Discovered new exit (range 5) 2079 | -10/Mines | Entered Exiles 2079 | -10/Exiles | Accompanied by 3 allies 2100 | -10/Exiles | Discovered new exit (range 15) 2119 | -10/Exiles | Met 8R-AWN 2148 | -10/Exiles | Met EX-HEX 2294 | -10/Exiles | Met EX-BIN 2313 | -10/Exiles | Aligned with FarCom system 2315 | -10/Exiles | Given EX-Vault access code 2356 | -10/Exiles | Opened EX-Vault 2363 | -10/Exiles | Found Prototype Flight Unit 2396 | -10/Exiles | Warned to stay clear of 0b10 Research branches 2442 | -10/Exiles | Met EX-DEC 2450 | -10/Exiles | Learned location of Zion (-7) 2576 | -10/Exiles | Discovered new exit (range 14) 2600 | -10/Exiles | Left Exiles lab with Flying Fortress v7 2600 | -10/Exiles | Entered Mines 2600 | -9/Mines | Accompanied by 3 allies 2814 | -9/Mines | Learned Materials emergency access door positions 3180 | -9/Mines | Met a Derelict shopkeep closing up shop 3321 | -9/Mines | Found a hidden stash of uninstalled traps 3365 | -9/Mines | Received a Rocket Launcher from a helpful Derelict 3479 | -9/Mines | Discovered new exit (range 7) 3493 | -9/Mines | Entered Materials 3493 | -8/Materials | Accompanied by 2 allies 3493 | -8/Materials | Evolved 4 slots: Propulsion x2, Utility x2 3495 | -8/Materials | Identified Flying Fortress v7 3629 | -8/Materials | Lost 3 allies 3692 | -8/Materials | Discovered new exit (range 10) 3699 | -8/Materials | Entered Factory 3699 | -7/Factory | Evolved 2 slots: Propulsion x1, Utility x1 3791 | -7/Factory | Build established: Scout 4041 | -7/Factory | Identified exit to Lower Caves 4089 | -7/Factory | Entered Lower Caves 4090 | -7/Lower Caves | Encountered a Warlord checkpoint 4125 | -7/Lower Caves | Attracted the attention of an 0b10 checkpoint 4253 | -7/Lower Caves | Attracted the attention of an 0b10 outpost 4349 | -7/Lower Caves | Learned Factory emergency access door positions 4353 | -7/Lower Caves | Discovered new exit (range 5) 4356 | -7/Lower Caves | Entered another Lower Caves area 4360 | -7/Lower Caves | Discovered new exit (range 7) 4382 | -7/Lower Caves | Attracted the attention of an 0b10 outpost 4386 | -7/Lower Caves | Build established: Mutant 4429 | -7/Lower Caves | Spotted B-75 Beast 4434 | -7/Lower Caves | Attracted the attention of an 0b10 checkpoint 4490 | -7/Lower Caves | Discovered new exit (range 7) 4494 | -7/Lower Caves | Entered Zion 4503 | -7/Zion | Given A8's code to call for help 4526 | -7/Zion | Gained Derelict followers 4534 | -7/Zion | Discovered new exit (range 15) 4553 | -7/Zion | Acquired unknown access codes intercepted by a Zionite 4781 | -7/Zion | Gained Derelict followers 4865 | -7/Zion | Opened final containment barrier to the Deep Caves 4874 | -7/Zion | Enhanced Grunt warped into view, answering call for help 4881 | -7/Zion | Enhanced Grunt warped into view, answering call for help 4908 | -7/Zion | Discovered new exit (range 6) 4931 | -7/Zion | Saw the warning signs outside the Deep Caves entrance 4955 | -7/Zion | Entered Deep Caves 4955 | -7/Deep Caves | Accompanied by 6 allies 5076 | -7/Deep Caves | Attacked by Z-Imprinter 5092 | -7/Deep Caves | Allies destroyed Z-Imprinter 5133 | -7/Deep Caves | Found Prototype Protection 5133 | -7/Deep Caves | Identified Zio. Weapon Casing 5223 | -7/Deep Caves | Z-Facility disabled 5442 | -7/Deep Caves | Discovered new exit (range 15) 5506 | -7/Deep Caves | Spotted Golem 5519 | -7/Deep Caves | Core integrity fell below 50% 5521 | -7/Deep Caves | Exposed GOLEM chamber 5522 | -7/Deep Caves | Triggered Deep Caves wall 5524 | -7/Deep Caves | Found GOLEM Unit 5525 | -7/Deep Caves | Core integrity fell below 20% 5527 | -7/Deep Caves | Destroyed by Golem with Assembled Focal Cannon Last Messages --------------- 05399_ Acquired 3 matter. 05442_ EXIT=FOUND 05507_ Golem: "DSI9AT1D G8OHIBQ29FWG 26R186 QD12WHW8W33 TDK1 81FTS" 05511_ Cesium-ion Thruster destroyed. 05511_ Adv. Phase Shifter destroyed. 05511_ Flying Fortress v7 destroyed. 05511_ Exp. Reaction Control System destroyed. 05514_ Mic. Nuclear Core destroyed. 05517_ Golem knocked back. 05521_ Wheel destroyed. 05521_ Wall Chamber breached. 05521_ A GOLEM Unit tumbles out of the Wall Chamber. 05521_ Dropped Hcp. Storage Unit. 05524_ Adv. Terrain Scan Processor destroyed. 05524_ Critical hit (Burn: +37). 05524_ Acquired GOLEM Unit. 05525_ GOLEM Unit beginning Asb. Alloy Leg integration. Map ----- +----------------------------------------------------+ | ???????????????????????????????????? | | ???????????????????????????????????? | | ???????????????????????????????????? | | ???????????????????????????????????? | | ???????????????????????????????????? | | ???????????????????????????????????? | | ???????????????????????????????????? | | ???????????????????????????????????? | | ???????????????????????????????????? | | ????????? ??????????????????????? | | ?????????a ? ??????????????????? | | ???????? ????????????????? | | ???????? g[ ??????????????? | | ???????? ?????????????? | | ???????? // ??? ????????? | | ?????????a ! ? ???????? | | ????????? / / ???????? | | ?????????a ???????? | | ????????? [ !! ! #???#### | | ?????????" [ #???# | | ?????????" g #???# ## | | ?????????" h [ = #???# #? | | ????????"" [ / ##??# ## | | ????????" *M== #?## | | ????????# = / s ### | | ????????" @ * ## | | ????????"G ! * ## | | ????????" !!![ * / ## | | ????????"""!!/ g #? | | ????????"!*=!= gb #? | | ????????"" !! g ######? | | ????????" #?????? | | ????????"" ##?????? | | ????????" ; # #??????? | | ????????" #;## ## "# ##??????? | | ????????""" ###### ## ####???????? | | ?????????" ????###? ???????????? | | ?????????######????????#???????????? | | | | | | | | | | | | | | | | | | | | | | | | | +----------------------------------------------------+ Best States ------------- Heat Dissipation 60 Energy Generation 15 Energy Capacity 250 Matter Stores 300 Matter Capacity 300 Sight Range 16 Terrain Scan Range 16 Terrain Scan Density 210 Armor Coverage 400 Phase Shifting 15 Evasion (%) 91 Targeting Accuracy 5 Melee Accuracy 6 Recoil Reduction 2 Item Schematics ----------------- Imp. Titanium Leg | -7/Zion | Archive Lrn. Missile Launcher | -7/Zion | Archive Hrd. Heavy Armor Plating | -7/Zion | Archive Imp. Medium Treads | -7/Zion | Archive System Restoration Module | -7/Zion | Archive Angular Momentum Engine | -7/Zion | Archive Powered Hammer | -7/Zion | Archive Imp. Coolant Injector | -7/Zion | Archive Imp. Weapon Cycler | -7/Zion | Archive EM Disruption Field | -7/Zion | Archive Imp. KE Penetrator | -7/Zion | Archive Force Field | -7/Zion | Archive Hvy. Rocket Launcher | -7/Zion | Archive Imp. Cooling System | -7/Zion | Archive EM Shield | -7/Zion | Archive Robot Schematics ------------------ A-02 Transporter | -7/Zion | Archive K-01 Serf | -7/Zion | Archive L-41 Fighter | -7/Zion | Archive Fabricated ------------ Nothing Repaired ---------- Nothing Studied --------- None Alien Tech Used ----------------- None Achievements -------------- None Challenges ------------ None Game ------ Seed ProjectilePoweredDrivehammer Manual? 0 Play Time 00:42:28 Cumulative 213.1 hours Start 2026.09.18 @ 23:06:38 End 2026.09.18 @ 23:49:11 Sessions 1 Manual Loads 0 Difficulty Rogue Special Mode None Game No. 413 Rogue 413 Adventurer 0 Explorer 0 Win Type - Total 2 Types 2/0/0/0/0/0/0/0/0/0 Lore% 63 Gallery% 63 Achievement% 48 Wizard Run 0 Options --------- Layout 2 ASCII 0 Keyboard 1 Movement Arrows Keybinds 0 Fullscreen 1 Font 24/Smallcaps Map View 50x44 Zoom Use 0% Tactical HUD 1 Map Filters NONE Filters NONE Steam 1 RUN: e2406ddb-f951-45e5-a2e3-7917ef5024fd